 Dungeon Crawl Stone Soup version 0.27.1-16-g815e20cd7a (webtiles) character file.

Game seed: 11285908261557806493

1020 sudelnuppe the Ruffian (level 8, -19/67 HPs)
             Began as a Ghoul Gladiator on Nov 21, 2021.
             Demolished by a swamp worm (22 damage)
             ... on level 6 of the Dungeon.
             The game lasted 00:31:26 (6209 turns).

sudelnuppe the Ruffian (Ghoul Gladiator)            Turns: 6209, Time: 00:31:26

Health: -19/67     AC:  7    Str: 20    XL:     8   Next: 22%
Magic:  7/7        EV: 12    Int:  3    God:
Gold:   243        SH:  0    Dex: 10    Spells: 7/7 levels left

rFire    . . .     SeeInvis .     - Unarmed
rCold    + . .     Faith    .   (no shield)
rNeg     + + +     Spirit   .   w - +0 ring mail
rPois    ∞         Reflect  .   b - +0 helmet
rElec    .         Harm     .   (no cloak)
rCorr    .         Rampage  .   (no gloves)
Will     .....                  r - +0 pair of boots
Stlth    ++........             x - amulet of regeneration
HPRegen  0.00/turn              (no ring)
MPRegen  0.10/turn              (no ring)

@: inhibited regen, studying Maces & Flails
A: claws 1, cold resistance 1, negative energy resistance 3, inhibited
regeneration, torment resistance 2
a: no special abilities


You were on level 6 of the Dungeon.
You visited 1 branch of the dungeon, and saw 6 of its levels.
You also visited: Sewer.

You collected 243 gold pieces.

Inventory:

Hand Weapons
 m - a +4 spectral club
Armour
 a - a +0 leather armour
 b - a +0 helmet (worn)
 e - a +0 robe
 l - a +0 pair of gloves
 r - a +0 pair of boots (worn)
 w - a +0 ring mail (worn)
Magical Staves
 f - a staff of fire
 A - a staff of poison
Jewellery
 o - an amulet of magic regeneration
 x - an amulet of regeneration (around neck)
 z - an amulet of the acrobat
Wands
 i - a wand of polymorph (5)
Scrolls
 g - 2 scrolls of enchant weapon
 n - 2 scrolls of torment {unknown}
 q - 2 scrolls of identify
 t - 2 scrolls of acquirement {unknown}
 u - a scroll of enchant armour {unknown}
 y - a scroll of noise
 B - a scroll of teleportation {unknown}
 D - a scroll of amnesia
Potions
 d - 2 potions of might {unknown}
 h - a potion of lignification
 j - a potion of invisibility
 k - a potion of heal wounds
 p - a potion of cancellation
 v - 2 potions of magic {unknown}
 C - a potion of attraction {unknown}


   Skills:
 + Level 4.7 Fighting
 - Level 3.0 Throwing
 + Level 1.4 Armour
 * Level 4.9 Dodging
 * Level 5.0 Stealth
 * Level 5.8 Unarmed Combat


You had 7 spell levels left.
You didn't know any spells.
Your spell library contained the following spells:

 Spells                   Type           Power      Damage    Failure   Level
 Foxfire                  Conj/Fire      0%         2x1d4     71%         1
 Conjure Flame            Conj/Fire      0%         6-21      97%         3
 Inner Flame              Hex/Fire       0%         N/A       97%         3
 Summon Guardian Golem    Hex/Summ       0%         N/A       97%         3
 Orb of Destruction       Conj           0%         N/A       100%        7
 Spellforged Servitor     Conj/Summ      0%         N/A       100%        7


Dungeon Overview and Level Annotations

Branches:
Dungeon (6/15)              Sewer (visited)
 Temple: D:4-7

Altars:

Shops:
D:5 =


Innate Abilities, Weirdness & Mutations

You thrive by killing the living.
You are immune to poison.
You have sharp fingernails.
Your flesh is cold resistant. (rC+)
You are immune to negative energy. (rN+++)
You do not regenerate when monsters are visible.
You are immune to unholy pain and torment.


Message History

Okay, then.
Aiming: Polymorph
Press: ? - help, Shift-Dir - straight line, f/p - seven-headed hydra
Aim: a seven-headed hydra (heavily wounded, entangled in a net, will become a swamp worm, a tyrant leech, or a fire dragon, chance to affect: 15%)
The seven-headed hydra evaporates and reforms as a swamp worm!
The swamp worm struggles against the net.
The swamp worm fires a harpoon shot at you.
The harpoon shot hits you!
You are yanked forward by the harpoon shot.
The swamp worm struggles against the net.
You barely miss the swamp worm. You claw the swamp worm!
The swamp worm is moderately wounded.
The swamp worm struggles against the net.
The net rips apart, and the swamp worm comes free!
You claw the swamp worm!
The swamp worm is heavily wounded.
You scratch the swamp worm but do no damage.
The swamp worm is heavily wounded.
The swamp worm bites you!!
You closely miss the swamp worm.
The swamp worm is heavily wounded.
The swamp worm bites you!
You scratch the swamp worm.
The swamp worm is severely wounded.
The swamp worm completely misses you. The swamp worm barely misses you.
You claw the swamp worm!
The swamp worm is almost dead.
The swamp worm bites you.
You barely miss the swamp worm.
The swamp worm is almost dead.
The swamp worm bites you!
You scratch the swamp worm.
The swamp worm is almost dead.
The swamp worm bites you!!
* * * LOW HITPOINT WARNING * * *
You scratch the swamp worm but do no damage.
The swamp worm is almost dead.
The swamp worm bites you!!
You die...

#..... #.# #.#
##.... #.# #.#
......
##<###.#
.......
#########
##.#.##.#
......D
........#
#.###.#.#
##...##. #.#
#..#.#..# #.#
#.# #.#.##.##
#.##### #.#
#.####.#
#....###@# #.#
#.#
#.##D..##w#
#.# #.#
###.###..(##.#
#.# #.#
..........##.#
#.# #.#
.##..###.....#
#.# #.# # #>.
#.....#
#.####.#
##.###.....#
#......#
#.....####
#.######
#.####.....#
#.###


You could see a swamp worm.

Vanquished Creatures
  A black bear (D:5)
  A sky beast (D:5)
  An ogre (D:4)
  2 phantoms
  A kobold brigand (Sewer)
  Blork the orc (D:5)
  2 scorpions
  3 hounds
  Jessica (D:2)
  A hound skeleton (D:5)
  10 adders
  A white imp (D:6)
  An ufetubus (D:4)
  An adder zombie (D:5)
  2 worms (D:3)
  A dart slug (D:2)
  An orc (D:3)
  7 ball pythons
  10 endoplasms
  5 giant cockroaches
  5 goblins
  6 hobgoblins
  8 jackals (D:4)
  8 quokkas
  5 bats
  6 frilled lizards
  25 kobolds
  11 rats
127 creatures vanquished.

Vanquished Creatures (others)
  A fungus (Sewer)
  9 plants
10 creatures vanquished.

Grand Total: 137 creatures vanquished

Notes
Turn   | Place    | Note
-------+----------+-------------------------------------------
     0 | D:1      | sudelnuppe the Ghoul Gladiator began the quest for the Orb.
     0 | D:1      | Reached XP level 1. HP: 17/17 MP: 0/0
   170 | D:1      | Reached XP level 2. HP: 22/25 MP: 1/1
   626 | D:1      | Reached skill level 1 in Stealth
  1141 | D:1      | Reached XP level 3. HP: 27/30 MP: 2/2
  1816 | D:2      | Noticed Jessica
  1829 | D:2      | Killed Jessica
  1830 | D:2      | Reached XP level 4. HP: 29/38 MP: 3/3
  2336 | D:3      | Found a glowing drain.
  2374 | Sewer    | Entered a sewer
  2825 | Sewer    | Reached XP level 5. HP: 40/45 MP: 4/4
  2885 | Sewer    | Noticed a kobold brigand
  2953 | Sewer    | Killed a kobold brigand
  3376 | D:3      | Reached XP level 6. HP: 21/52 MP: 5/5
  4238 | D:3      | Found a faded altar of an unknown god.
  4455 | D:4      | Reached XP level 7. HP: 58/59 MP: 6/6
  4672 | D:4      | Reached skill level 5 in Unarmed Combat
  5230 | D:5      | Entered Level 5 of the Dungeon
  5230 | D:5      | Found Teemeuv's Jewellery Boutique.
  5247 | D:5      | Noticed Blork the orc
  5264 | D:5      | Killed Blork the orc
  5274 | D:5      | Reached skill level 1 in Armour
  5313 | D:5      | Reached XP level 8. HP: 67/67 MP: 7/7
  5834 | D:5      | Reached skill level 5 in Stealth
  6069 | D:6      | Noticed a seven-headed hydra
  6198 | D:6      | a seven-headed hydra changed into a swamp worm
  6208 | D:6      | HP: 3/67 [swamp worm (18)]
  6209 | D:6      | Demolished by a swamp worm

Illustrated notes

Levels and vault maps discovered:
D:1:      lemuel_arrival_muddy, layout_basic
D:2:      layout_rooms, minmay_indecisive_spiral, uniq_jessica
D:3:      layout_loops_ring, gup_sewer_entry_pipe,
          shapermc_ecumenical_altar_mp_urbaneastern, minmay_misc_feat_alley,
          minmay_ruptured
D:4:      layout_loops_ring, roderic_roman_lattice
D:5:      layout_loops_ring, minmay_statues_item,
          minmay_shop_enchanted_jewellery, uniq_blork_the_orc
D:6:      layout_loops_ring

Skill      XL: |  1  2  3  4  5  6  7  8 |
---------------+-------------------------+-----
Stealth        | 1 2 3 4 5 |  5.0
Dodging        | 3 4 |  4.9
Throwing       | 2 3 |  3.0
Fighting       | 3 4 |  4.7
Unarmed Combat | 4 5 |  5.8
Armour         | 1 |  1.4

Action                   |  1- 3 |  4- 6 |  7- 9 || total
-------------------------+-------+-------+-------++-------
Melee: Unarmed           |   126 |   256 |   126 ||   508
       Punch             |       |     3 |       ||     3
Throw: Throwing net      |       |       |     3 ||     3
Evoke: Wand              |       |       |    12 ||    12
  Use: Potion            |     1 |     2 |       ||     3
       Scroll            |       |       |     5 ||     5
 Stab: Sleeping          |       |     6 |     3 ||     9
Armor: Leather armour    |    27 |    68 |       ||    95
       Ring mail         |       |    17 |    37 ||    54
Dodge: Dodged            |    63 |   201 |    69 ||   333
